SA
PUT-IN-BAY BC @ LOUISIANA DRAGOONS
07/25/2026
 
TOP OF THE 1ST
Put-In-Bay BC batting - Pitching for Louisiana Dragoons : RHP Nathan Moree
Pitching: RHP Nathan Moree
Batting: LHB Tural Bishara 0-0: Called Strike
0-1: Called Strike
0-2: Foul Ball, location: 2F
0-2: Foul Ball, location: 2F
0-2: Ball
1-2: Strikes out swinging
Batting: RHB Angus Watts 0-0: Ball
1-0: Swinging Strike
1-1: Foul Ball, location: 2F
1-2: Ball
2-2: Foul Ball, location: 2F
2-2: Ball
3-2: Foul Ball, location: 2F
3-2: Strikes out swinging
Batting: RHB Steve Koch 0-0: Foul Ball, location: 2F
0-1: Foul Ball, location: 2F
0-2: Ball
1-2: TRIPLE (Flyball, 9LM)
Batting: SHB Júlio Pérez 0-0: Ball
1-0: Called Strike
1-1: SINGLE (Groundball, 4D)
Steve Koch scores
Batting: SHB Norm Singletary Balk!
Júlio Pérez to second
0-0: Ball
Wild Pitch!
Júlio Pérez to third
1-0: Swinging Strike
1-1: Ball
2-1: Ball
3-1: Fly out, F8 (Line Drive, 8RXD)
Top of the 1st over - 1 run(s), 2 hit(s), 0 error(s), 1 left on base; Put-In-Bay 1 - Louisiana 0
BOTTOM OF THE 1ST
Louisiana Dragoons batting - Pitching for Put-In-Bay BC : RHP James Neutron
Pitching: RHP James Neutron
Batting: RHB Giuseppe Provolone 0-0: DOUBLE (Flyball, 8LD)
Batting: RHB José Ortíz 0-0: Ball
1-0: SINGLE (Groundball, 4MD)
Giuseppe Provolone to third
Runner from 3rd tries for Home, SAFE, no throw
Batting: RHB Armond Merlin 0-0: Ball
1-0: Called Strike
1-1: Ball
2-1: Ball
3-1: Base on Balls
José Ortíz to second
Batting: RHB Scott Robertson 0-0: Called Strike
0-1: Called Strike
0-2: Ball
1-2: DOUBLE (Line Drive, 8RXD)
José Ortíz scores
Armond Merlin to third
Batting: RHB Emmanuele Lucchetti 0-0: Ball
1-0: Ball
Passed Ball!
Armond Merlin scores
Scott Robertson to third
2-0: Ball
3-0: Called Strike
3-1: Fly out, F9 (Flyball, 89S)
Batting: RHB Domingo Colón 0-0: Foul Ball, location: 2F
0-1: Called Strike
0-2: Foul Ball, location: 2F
0-2: Foul Ball, location: 2F
0-2: Strikes out swinging
Batting: RHB Harry Gibson 0-0: Swinging Strike
0-1: Ball
1-1: Ball
2-1: Foul Ball, location: 2F
2-2: Strikes out looking
Bottom of the 1st over - 3 run(s), 3 hit(s), 0 error(s), 1 left on base; Put-In-Bay 1 - Louisiana 3
TOP OF THE 2ND
Put-In-Bay BC batting - Pitching for Louisiana Dragoons : RHP Nathan Moree
Batting: RHB Lou Lumsden 0-0: Called Strike
0-1: Ball
1-1: Fly out, F3 (Popup, 3L)
Batting: LHB Francisco Alfaro 0-0: Ball
1-0: DOUBLE (Flyball, 7LM)
Batting: RHB Manuel Rosales 0-0: Called Strike
0-1: Foul Ball, location: 2F
0-2: SINGLE (Line Drive, 9LS)
Francisco Alfaro to third
Runner from 3rd tries for Home, SAFE, throw made home
Manuel Rosales to second
Batting: RHB Ryan French 0-0: Called Strike
0-1: Ground out 4-3 (Groundball, 4)
Manuel Rosales to third
Batting: LHB Tural Bishara 0-0: Ball
1-0: Foul Ball, location: 2F
1-1: Called Strike
1-2: SINGLE (Groundball, 6MD)
Manuel Rosales scores
Batting: RHB Angus Watts 0-0: Ball
Tural Bishara steals 2nd base
1-0: Ball
2-0: Ball
3-0: Base on Balls
Batting: RHB Steve Koch 0-0: Ball
1-0: Ball
2-0: Ball
3-0: Called Strike
3-1: Fly out, F9 (Flyball, 9LM)
Top of the 2nd over - 2 run(s), 3 hit(s), 0 error(s), 2 left on base; Put-In-Bay 3 - Louisiana 3
BOTTOM OF THE 2ND
Louisiana Dragoons batting - Pitching for Put-In-Bay BC : RHP James Neutron
Batting: RHB José Luque 0-0: Ball
1-0: TRIPLE (Flyball, 7LM)
Batting: RHB Armando Carmona 0-0: Ball
1-0: Ball
2-0: Called Strike
2-1: Ball
3-1: Swinging Strike
3-2: Foul Ball, location: 2F
3-2: Base on Balls
Batting: RHB Giuseppe Provolone 0-0: Swinging Strike
0-1: Ball
1-1: Called Strike
1-2: Fly out, F4 (Popup, 4)
Batting: RHB José Ortíz 0-0: Ball
Armando Carmona steals 2nd base
1-0: Ball
2-0: Foul Ball, location: 2F
2-1: Called Strike
2-2: Ball
3-2: Strikes out swinging
Batting: RHB Armond Merlin 0-0: Ball
1-0: Called Strike
1-1: SINGLE (Flyball, 9LS)
José Luque scores
Armando Carmona to third
Runner from 3rd tries for Home, SAFE, no throw
Batting: RHB Scott Robertson 0-0: Fly out, F8 (Flyball, 78D)
Bottom of the 2nd over - 2 run(s), 2 hit(s), 0 error(s), 1 left on base; Put-In-Bay 3 - Louisiana 5
TOP OF THE 3RD
Put-In-Bay BC batting - Pitching for Louisiana Dragoons : RHP Nathan Moree
Batting: SHB Júlio Pérez 0-0: Fly out, F6 (Flyball, 6D)
Batting: SHB Norm Singletary 0-0: Ball
1-0: Ball
2-0: Foul Ball, location: 2F
2-1: Ball
3-1: Base on Balls
Batting: RHB Lou Lumsden 0-0: Called Strike
Throwing error on steal attempt, E2
Norm Singletary to third
0-1: SINGLE (Groundball, 34D)
Norm Singletary scores
Batting: LHB Francisco Alfaro 0-0: Ball
1-0: Ball
2-0: Called Strike
2-1: Ball
3-1: Fly out, F7 (Flyball, 78S)
Batting: RHB Manuel Rosales 0-0: Called Strike
0-1: Swinging Strike
0-2: Ball
1-2: Foul Ball, location: 2F
1-2: Strikes out swinging
Top of the 3rd over - 1 run(s), 1 hit(s), 1 error(s), 1 left on base; Put-In-Bay 4 - Louisiana 5
BOTTOM OF THE 3RD
Louisiana Dragoons batting - Pitching for Put-In-Bay BC : RHP James Neutron
Batting: RHB Emmanuele Lucchetti 0-0: Ball
1-0: Ball
2-0: Called Strike
2-1: Fly out, F4 (Popup, 3D)
Batting: RHB Domingo Colón 0-0: Ball
1-0: Foul Ball, location: 2F
1-1: Ball
2-1: Foul Ball, location: 2F
2-2: Ground out 5-3 (Groundball, 56)
Batting: RHB Harry Gibson 0-0: Ground out 5-3 (Groundball, 56)
Bottom of the 3rd over - 0 run(s), 0 hit(s), 0 error(s), 0 left on base; Put-In-Bay 4 - Louisiana 5
TOP OF THE 4TH
Put-In-Bay BC batting - Pitching for Louisiana Dragoons : RHP Nathan Moree
Batting: RHB Ryan French 0-0: Foul Ball, location: 2F
0-1: Ball
1-1: Called Strike
1-2: SINGLE (Line Drive, 34)
Batting: LHB Tural Bishara 0-0: Ball
1-0: Called Strike
1-1: Foul Ball, location: 2F
1-2: Foul Ball, location: 2F
1-2: Ball
Wild Pitch!
Ryan French to second
2-2: Foul Ball, location: 2F
2-2: Strikes out swinging
Batting: RHB Angus Watts 0-0: Ground out 5-3 (Groundball, 56)
Batting: RHB Steve Koch 0-0: Called Strike
0-1: Called Strike
0-2: Fly out, F8 (Flyball, 8LD)
Top of the 4th over - 0 run(s), 1 hit(s), 0 error(s), 1 left on base; Put-In-Bay 4 - Louisiana 5
BOTTOM OF THE 4TH
Louisiana Dragoons batting - Pitching for Put-In-Bay BC : RHP James Neutron
Batting: RHB José Luque 0-0: Called Strike
0-1: Ball
1-1: Foul Ball, location: 2F
1-2: Ball
2-2: Ball
3-2: Ground out U3 (Groundball, 34)
Batting: RHB Armando Carmona 0-0: Ball
1-0: Foul Ball, location: 2F
1-1: Foul Ball, location: 2F
1-2: Ball
2-2: SINGLE (Groundball, 34D)
Batting: RHB Giuseppe Provolone 0-0: Called Strike
Armando Carmona steals 2nd base
0-1: Ground out 5-3 (Groundball, 56S)
Armando Carmona to third
Batting: RHB José Ortíz 0-0: Ball
1-0: Called Strike
1-1: Called Strike
1-2: Ball
2-2: Ball
3-2: Fly out, F8 (Flyball, 8RM)
Bottom of the 4th over - 0 run(s), 1 hit(s), 0 error(s), 1 left on base; Put-In-Bay 4 - Louisiana 5
TOP OF THE 5TH
Put-In-Bay BC batting - Pitching for Louisiana Dragoons : RHP Nathan Moree
Batting: SHB Júlio Pérez 0-0: Ball
1-0: Swinging Strike
1-1: Foul Ball, location: 2F
1-2: Ground out 1-3 (Groundball, 15S)
Batting: SHB Norm Singletary 0-0: Ball
1-0: Foul Ball, location: 2F
1-1: Ball
2-1: Fly out, F7 (Flyball, 7)
Pitching: RHP Ángel Gómez
Batting: RHB Lou Lumsden 0-0: Foul Ball, location: 2F
0-1: Ball
1-1: Ball
2-1: Ball
3-1: Base on Balls
Batting: LHB Francisco Alfaro 0-0: Ball
1-0: Called Strike
1-1: 2-RUN HOME RUN (Flyball, 89XD), Distance : 402 ft
Batting: RHB Manuel Rosales 0-0: Ball
1-0: Ball
2-0: Ball
3-0: Base on Balls
Batting: RHB Ryan French 0-0: Fly out, F4 (Popup, 3D)
Top of the 5th over - 2 run(s), 1 hit(s), 0 error(s), 1 left on base; Put-In-Bay 6 - Louisiana 5
BOTTOM OF THE 5TH
Louisiana Dragoons batting - Pitching for Put-In-Bay BC : RHP James Neutron
Batting: RHB Armond Merlin 0-0: Ball
1-0: Ball
2-0: Ball
3-0: Called Strike
3-1: Base on Balls
Batting: RHB Scott Robertson 0-0: Ball
1-0: Ball
2-0: Ball
3-0: Base on Balls
Armond Merlin to second
Batting: RHB Emmanuele Lucchetti 0-0: Swinging Strike
0-1: Grounds into double play, 6-4-3 (Groundball, 6)
Armond Merlin to third
Batting: RHB Domingo Colón 0-0: Ball
1-0: Foul Ball, location: 2F
1-1: Foul Ball, location: 2F
1-2: Ball
2-2: SINGLE (Line Drive, 89S)
Armond Merlin scores
Pitching: RHP Alberto Alou
Batting: RHB Harry Gibson 0-0: Called Strike
0-1: Ball
1-1: Swinging Strike
1-2: Foul Ball, location: 2F
1-2: Foul Ball, location: 2F
1-2: Ball
2-2: Fly out, F8 (Flyball, 8LM)
Bottom of the 5th over - 1 run(s), 1 hit(s), 0 error(s), 1 left on base; Put-In-Bay 6 - Louisiana 6
TOP OF THE 6TH
Put-In-Bay BC batting - Pitching for Louisiana Dragoons : RHP Ángel Gómez
Batting: LHB Tural Bishara 0-0: Ball
1-0: Foul Ball, location: 2F
1-1: Called Strike
1-2: SINGLE (Line Drive, 8LS)
Batting: RHB Angus Watts 0-0: Sac Bunt - play at first, batter OUT! 1-3
Tural Bishara to second
Batting: RHB Steve Koch 0-0: Ball
1-0: Ball
2-0: Called Strike
2-1: Ball
3-1: Base on Balls
Batting: SHB Júlio Pérez 0-0: Called Strike
0-1: Grounds into double play, 6-4-3 (Groundball, 6)
Top of the 6th over - 0 run(s), 1 hit(s), 0 error(s), 1 left on base; Put-In-Bay 6 - Louisiana 6
BOTTOM OF THE 6TH
Louisiana Dragoons batting - Pitching for Put-In-Bay BC : RHP Alberto Alou
Batting: RHB José Luque 0-0: Foul Ball, location: 2F
0-1: Ground out 5-3 (Groundball, 56S)
Batting: RHB Armando Carmona 0-0: Called Strike
0-1: SINGLE (Groundball, 6MD)
Batting: RHB Giuseppe Provolone 0-0: Swinging Strike
0-1: Ball
Armando Carmona steals 2nd base
1-1: Called Strike
1-2: Ball
2-2: Foul Ball, location: 2F
2-2: Strikes out looking
Batting: RHB José Ortíz 0-0: Ball
1-0: Ball
2-0: Ball
3-0: Called Strike
3-1: Foul Ball, location: 2F
3-2: SINGLE (Line Drive, 34)
Armando Carmona to third
Armando Carmona scores
Batting: RHB Armond Merlin 0-0: Foul Ball, location: 2F
0-1: Ball
1-1: Fly out, F8 (Flyball, 8RD)
Bottom of the 6th over - 1 run(s), 2 hit(s), 0 error(s), 1 left on base; Put-In-Bay 6 - Louisiana 7
TOP OF THE 7TH
Put-In-Bay BC batting - Pitching for Louisiana Dragoons : RHP Ángel Gómez
Batting: SHB Norm Singletary 0-0: Ball
1-0: Foul Ball, location: 2F
1-1: Ground out 3-1 (Groundball, 34)
Batting: RHB Lou Lumsden 0-0: Ball
1-0: DOUBLE (Flyball, 89D)
Pinch Hitting: SHB Jim Unknown 0-0: Swinging Strike
0-1: Ground out U3 (Groundball, 3L)
Lou Lumsden to third
Batting: RHB Manuel Rosales 0-0: Ball
1-0: Swinging Strike
1-1: Called Strike
1-2: Ball
2-2: Strikes out swinging
Top of the 7th over - 0 run(s), 1 hit(s), 0 error(s), 1 left on base; Put-In-Bay 6 - Louisiana 7
BOTTOM OF THE 7TH
Louisiana Dragoons batting - Pitching for Put-In-Bay BC : RHP Alberto Alou
Now in LF: Jim Unknown
Batting: RHB Scott Robertson 0-0: Ball
1-0: Ball
2-0: Foul Ball, location: 2F
2-1: Ball
3-1: Swinging Strike
3-2: Strikes out looking
Batting: RHB Emmanuele Lucchetti 0-0: Ball
1-0: Called Strike
1-1: Ball
2-1: Foul Ball, location: 2F
2-2: Foul Ball, location: 2F
2-2: Strikes out swinging
Batting: RHB Domingo Colón 0-0: Ground out 6-3 (Groundball, 56)
Bottom of the 7th over - 0 run(s), 0 hit(s), 0 error(s), 0 left on base; Put-In-Bay 6 - Louisiana 7
TOP OF THE 8TH
Put-In-Bay BC batting - Pitching for Louisiana Dragoons : RHP Ángel Gómez
Pitching: RHP Cornelius Bigelow
Now at 1B: Miklas Boerboom
Batting: RHB Ryan French 0-0: Foul Ball, location: 2F
0-1: Ground out 6-3 (Groundball, 6)
Batting: LHB Tural Bishara 0-0: Called Strike
0-1: Foul Ball, location: 2F
0-2: Ball
1-2: Strikes out swinging
Batting: RHB Angus Watts 0-0: Ground out 4-3 (Groundball, 4)
Top of the 8th over - 0 run(s), 0 hit(s), 0 error(s), 0 left on base; Put-In-Bay 6 - Louisiana 7
BOTTOM OF THE 8TH
Louisiana Dragoons batting - Pitching for Put-In-Bay BC : RHP Alberto Alou
Batting: RHB Harry Gibson 0-0: Called Strike
0-1: Ball
1-1: Foul Ball, location: 2F
1-2: TRIPLE (Line Drive, 7LS)
Pinch Hitting: SHB Eduardo Pampin 0-0: Called Strike
0-1: Foul Ball, location: 2F
0-2: Foul Ball, location: 2F
0-2: Ball
1-2: DOUBLE (Flyball, 7D)
Harry Gibson scores
Batting: RHB Armando Carmona 0-0: Intentional Walk
Pitching: RHP Félix Santiago
Batting: RHB Giuseppe Provolone 0-0: Sac Bunt - play at first, batter OUT! 3-4
Eduardo Pampin to third
Armando Carmona to second
Batting: RHB José Ortíz 0-0: Ball
1-0: Foul Ball, location: 2F
1-1: Called Strike
1-2: Foul Ball, location: 2F
1-2: Strikes out looking
Batting: RHB Armond Merlin 0-0: Ball
1-0: Fly out, F7 (Line Drive, 7S)
Bottom of the 8th over - 1 run(s), 2 hit(s), 0 error(s), 2 left on base; Put-In-Bay 6 - Louisiana 8
TOP OF THE 9TH
Put-In-Bay BC batting - Pitching for Louisiana Dragoons : RHP Cornelius Bigelow
Pitching: RHP Brian Krick
Now at SS: Jody Bennett
Batting: RHB Steve Koch 0-0: Ball
1-0: Ball
2-0: Foul Ball, location: 2F
2-1: Ball
3-1: Base on Balls
Pinch Hitting: SHB Raul Cate 0-0: Called Strike
0-1: Ball
1-1: Ball
2-1: Ball
3-1: Foul Ball, location: 2F
3-2: Foul Ball, location: 2F
3-2: Strikes out swinging
Batting: SHB Norm Singletary 0-0: Ball
1-0: Foul Ball, location: 2F
1-1: Fly out, F9 (Line Drive, 9D)
Batting: RHB Lou Lumsden 0-0: Swinging Strike
0-1: Called Strike
0-2: Strikes out looking
Top of the 9th over - 0 run(s), 0 hit(s), 0 error(s), 1 left on base; Put-In-Bay 6 - Louisiana 8
Monday, March 20th, 2017 - OOTP Baseball 17.12 Build 75